Map: Dusk Towers

Players

Jakamakala

  • Race: Terran Terran
  • League: Master

State - Winner!

  • Race: Protoss Protoss
  • League: Master

VOD

Have the link to the VOD?

Description

Time

  • Played on: Feb. 1, 2016, 6:27 p.m.
  • Length: 4:23
Show
View Real Time Build Order
Export as new Build Order

Jakamakala Terran 

Build Orders: Reaper Expand 

Get SALT Encoding   

  12  0:00  SCV  
  13  0:13  SCV  
  14  0:17  Supply Depot  
  14  0:25  SCV  
  15  0:38  SCV  
  15  0:40  Barracks  
  16  0:44  Refinery  
  16  0:50  SCV  
  17  1:03  SCV  
  18  1:15  SCV  
  19  1:28  Orbital Command, Reaper  
  20  1:41  Command Center  
  20  1:52  Supply Depot  
  20  1:54  SCV  
  20  1:57  Refinery  
  21  2:06  Barracks Reactor, SCV  
  22  2:18  SCV  
  23  2:23  Factory  
  23  2:30  SCV  
  24  2:42  Marine x2, SCV  
  26  2:52  Orbital Command  
  26  2:55  SCV  
  27  3:02  Marine x2  
  29  3:07  Starport, SCV, Factory Tech Lab  
  30  3:19  SCV  
  31  3:20  Marine x2  
  31  3:24  SCV  
  31  3:26  Siege Tank  
  37  3:31  SCV  
  38  3:36  SCV  
  38  3:40  Marine x2  
  40  3:44  SCV  
  38  3:49  Barracks  
  38  3:50  Barracks  
  38  4:03  Marine  
  35  4:19  Supply Depot  
Show
View Real Time Build Order
Export as new Build Order

State Protoss - Winner!

Build Orders: 1 Gate Expand, Oracle Opening 

Get SALT Encoding   

  12  0:01  Probe (Chrono Boost)  
  13  0:11  Probe (Chrono Boost)  
  14  0:19  Pylon  
  14  0:22  Probe (Chrono Boost)  
  15  0:37  Gateway, Probe (Chrono Boost)  
  15  0:41  Assimilator  
  16  0:48  Probe (Chrono Boost)  
  17  0:58  Probe (Chrono Boost)  
  18  1:09  Probe (Chrono Boost)  
  19  1:21  Nexus  
  20  1:31  Probe (Chrono Boost)  
  20  1:36  Cybernetics Core  
  20  1:42  Probe (Chrono Boost)  
  21  1:49  Assimilator  
  21  1:52  Probe (Chrono Boost)  
  22  1:56  Pylon  
  22  2:03  Probe (Chrono Boost)  
  23  2:12  Pylon  
  23  2:14  Mothership Core (Chrono Boost)  
  27  2:15  Adept  
  27  2:19  Warp Gate  
  27  2:33  Pylon  
  26  2:41  Probe (Chrono Boost)  
  26  2:43  Probe (Chrono Boost)  
  29  2:51  Probe (Chrono Boost)  
  29  2:52  Stargate  
  29  2:54  Probe (Chrono Boost)  
  30  3:02  Probe (Chrono Boost)  
  30  3:05  Probe (Chrono Boost)  
  32  3:12  Probe (Chrono Boost)  
  33  3:14  Pylon  
  33  3:15  Pylon, Probe (Chrono Boost)  
  34  3:23  Probe (Chrono Boost)  
  34  3:26  Probe (Chrono Boost)  
  36  3:33  Probe (Chrono Boost)  
  37  3:35  Oracle (Chrono Boost), Probe (Chrono Boost)  
  41  3:44  Assimilator  
  41  3:45  Probe x2  
  43  3:48  Assimilator, Pylon  
  43  3:55  Probe  
  43  3:57  Probe  
  45  4:06  Probe  
  45  4:09  Probe  
  49  4:18  Gateway  
  49  4:21  Gateway  
Tags
 
Add a new tag
Caveats
  • Supply blocks, unpowered buildings, or Contaminate may cause inaccurate times.
  • Supply counts are checked every 10 seconds.